Coyotes vs Sénateurs
(R1)
Created - 17 novembre 2013 at 19:27
Goals
|
| Coyotes |
0 |
1 |
0 |
1 |
| Sénateurs |
1 |
1 |
0 |
2 |
|
Shots
|
| Coyotes |
4 |
7 |
21 |
32 |
| Sénateurs |
11 |
9 |
8 |
28 |
|
1st period
1. Sénateurs , Andy McDonald 2 (Daymond Langkow, Todd Bertuzzi) at 0:29 (PP)
Penalties :
Denis Grebeshkov (Pho) for High sticking (Double Minor) at 0:07, Ville Nieminen (Ott) for Hooking (Minor) at 2:57, Daymond Langkow (Ott) for Tripping (Minor) at 6:36, Dan Hinote (Ott) for Holding (Minor) at 8:40, Nikita Alexeev (Ott) for Interference (Minor) at 16:30
2nd period
2. Sénateurs , Chris Kelly 4 (Sami Kapanen, Jonas Hiller) at 3:26 (PP)
3. Coyotes , Chad Larose 1 (Sergei Samsonov, Lukas Krajicek) at 7:05
Penalties :
Drew Miller (Pho) for Holding (Minor) at 2:34, Ray Whitney (Ott) for Interference (Minor) at 4:18, Ray Whitney (Ott) for Tripping (Minor) at 15:15, Lukas Krajicek (Pho) for Holding (Minor) at 17:57
3rd period
No Goal
Penalties :
Todd Bertuzzi (Ott) for Holding (Minor) at 0:10, Sergei Samsonov (Pho) for Interference (Minor) at 9:13, Ville Nieminen (Ott) for High sticking (Minor) at 11:57, Sami Kapanen (Ott) for Holding (Minor) at 16:47
Goalie Stats
Ryan Miller (Pho), 26 saves from 28 shots - (0,929), L, 7-5-1, 59:00 minutes
Jonas Hiller (Ott), 31 saves from 32 shots - (0,969), W, 7-4-0, 60:00 minutes
Players Stats for Coyotes
Player Name G A P +/- PIM S H SB GA TA FO MP PP MP PK MP
------------------------------------------------------------------------------------
Bill Guerin 0 0 0 0 0 0 1 0 0 0 0/0 16:07 8:18 0:00
Brenden Morrow 0 0 0 0 0 5 1 0 0 0 1/2 22:59 9:21 1:33
Chad Larose 1 0 1 1 0 2 2 0 1 0 0/0 11:25 0:01 1:52
Craig Adams 0 0 0 0 0 0 1 1 0 0 0/0 8:22 0:00 2:50
Denis Grebeshkov 0 0 0 0 4 2 2 2 0 0 0/0 26:49 10:03 1:47
Drew Miller 0 0 0 0 2 4 0 1 0 0 0/1 19:18 8:18 3:12
Frans Nielsen 0 0 0 0 0 1 2 0 0 1 8/17 19:57 8:18 3:47
Jiri Fischer 0 0 0 0 0 1 0 0 1 0 0/0 10:08 0:00 2:59
Joël Perrault 0 0 0 0 0 1 0 0 0 0 2/6 6:44 0:00 1:08
Kurt Sauer 0 0 0 0 0 0 0 4 0 0 0/0 16:18 0:00 4:49
Lukas Krajicek 0 1 1 1 2 1 0 2 0 0 0/0 17:10 7:48 0:47
Marian Gaborik 0 0 0 0 0 9 2 0 1 0 0/2 21:30 9:32 0:00
Maxim Lapierre 0 0 0 1 0 1 1 1 0 0 4/7 9:11 0:00 0:00
Riley Cote 0 0 0 0 0 2 0 0 0 0 0/0 6:05 0:12 0:00
Sami Lepisto 0 0 0 1 0 1 1 0 1 2 0/0 19:34 7:48 0:00
Sergei Samsonov 0 1 1 1 2 0 1 0 0 1 0/0 9:43 0:12 0:00
Tim Connolly 0 0 0 0 0 0 1 1 0 0 12/27 21:19 9:21 0:00
Tom Poti 0 0 0 0 0 2 0 3 0 1 0/0 30:06 10:03 4:00
Players Stats for Sénateurs
Player Name G A P +/- PIM S H SB GA TA FO MP PP MP PK MP
------------------------------------------------------------------------------------
Andy McDonald 1 0 1 0 0 9 0 2 0 0 2/3 23:08 4:00 7:51
Chris Kelly 1 0 1 0 0 2 2 0 1 0 7/9 19:02 3:11 6:47
Dan Girardi 0 0 0 0 0 0 0 2 0 0 0/0 8:57 0:00 0:00
Dan Hinote 0 0 0 0 2 0 0 1 0 0 0/0 5:54 0:00 0:00
Daymond Langkow 0 1 1 0 2 1 1 0 1 0 15/31 22:58 4:00 8:03
Jay McKee 0 0 0 0 0 3 0 1 0 0 0/0 22:34 3:05 7:27
Keith Ballard 0 0 0 0 0 0 0 0 0 0 0/0 9:24 0:00 0:06
Nikita Alexeev 0 0 0 -1 2 1 0 0 0 0 0/0 8:46 0:00 0:00
Paul Gaustad 0 0 0 -1 0 0 2 0 1 0 2/3 9:20 0:00 0:31
Ray Whitney 0 0 0 0 4 2 2 2 1 1 1/1 13:16 3:11 1:05
Richard Jackman 0 0 0 -1 0 2 1 5 0 1 0/0 28:02 4:06 10:18
Sami Kapanen 0 1 1 0 2 0 0 0 0 0 1/1 11:54 3:11 0:00
Sean Avery 0 0 0 -1 0 2 3 0 0 0 1/1 12:15 0:00 3:11
Todd Bertuzzi 0 1 1 0 2 1 1 0 1 0 6/10 23:11 4:00 8:14
Toni Lydman 0 0 0 0 0 1 1 1 0 0 0/0 22:34 3:05 7:27
Vernon Fiddler 0 0 0 0 0 1 1 0 0 1 0/3 5:52 0:00 0:00
Ville Nieminen 0 0 0 0 4 0 0 0 0 1 0/0 6:24 0:00 0:00
Vitaly Vishnevsky 0 0 0 -1 0 3 0 2 0 0 0/0 28:29 4:06 10:24
3 Stars
1 - Jonas Hiller (Ott)
2 - Chad Larose (Pho)
3 - Chris Kelly (Ott)
Power Play
Coyotes - 0 on 9 Attempt(s) - 0,00%
Sénateurs - 2 on 5 Attempt(s) - 40,00%
Penalty Kill
Coyotes - 3 on 5 Attempt(s) - 60,00%
- Score 0 goal in Penalty Kill
Sénateurs - 9 on 9 Attempt(s) - 100,00%
- Score 0 goal in Penalty Kill
Official
Referees : Meier Brad and Auger Stephane
Linesman : Mark Pare and Jonny Murray
Game Notes
No Game Note
Finance
Level 1 -- Attendance: 4414 (73,57%) -- Ticket Income 397 260 $
Level 2 -- Attendance: 4830 (96,60%) -- Ticket Income 241 500 $
Level 3 -- Attendance: 2000 (100,00%) -- Ticket Income 60 000 $
Level 4 -- Attendance: 3778 (94,45%) -- Ticket Income 64 226 $
Luxury Box -- Attendance: 805 (80,50%) -- Ticket Income 144 900 $
Game was played at the Place Banque Scotia
Total Attendance: 15827 (87,93%)
Total Ticket Income: 907 886 $
Other Income: 136 183 $
Total Income: 1 044 069 $
Coyotes
5 vs 5 Forward
Center Left Wing Right Wing Time % Phy DF OF
1 Tim Connolly Brenden Morrow Marian Gaborik 40 1 2 2
2 Frans Nielsen Drew Miller Bill Guerin 30 1 2 2
3 Maxim Lapierre Sergei Samsonov Chad Larose 20 1 2 2
4 Joël Perrault Riley Cote Craig Adams 10 1 2 2
5 vs 5 Defense
Defense Defense Time % Phy DF OF
1 Tom Poti Denis Grebeshkov 40 1 2 2
2 Sami Lepisto Kurt Sauer 30 1 2 2
3 Lukas Krajicek Jiri Fischer 20 1 2 2
4 Tom Poti Kurt Sauer 10 1 2 2
PowerPlay Forward
Center Left Wing Right Wing Time % Phy DF OF
1 Tim Connolly Brenden Morrow Marian Gaborik 60 1 2 2
2 Frans Nielsen Drew Miller Bill Guerin 40 1 2 2
PowerPlay Defense
Defense Defense Time % Phy DF OF
1 Tom Poti Denis Grebeshkov 60 1 2 2
2 Sami Lepisto Lukas Krajicek 40 1 2 2
Penalty Kill 4 Players Forward
Center Wing Time % Phy DF OF
1 Frans Nielsen Drew Miller 60 1 2 2
2 Chad Larose Craig Adams 40 1 2 2
Penalty Kill 4 Players Defense
Defense Defense Time % Phy DF OF
1 Tom Poti Kurt Sauer 60 1 2 2
2 Denis Grebeshkov Jiri Fischer 40 1 2 2
Penalty Kill - 3 Players Forward
Forward Time % Phy DF OF
1 Drew Miller 60 1 2 2
2 Chad Larose 40 1 2 2
Penalty Kill - 3 Players Defense
Defense Defense Time % Phy DF OF
1 Tom Poti Kurt Sauer 60 1 2 2
2 Denis Grebeshkov Jiri Fischer 40 1 2 2
4 vs 4 Forward
Center Wing Time % Phy DF OF
1 Tim Connolly Marian Gaborik 60 1 2 2
2 Frans Nielsen Drew Miller 40 1 2 2
4 vs 4 Defense
Defense Defense Time % Phy DF OF
1 Tom Poti Kurt Sauer 60 1 2 2
2 Denis Grebeshkov Jiri Fischer 40 1 2 2
Last Minutes Offensive
Center Left Wing Right Wing Defense Defense
Tim Connolly Brenden Morrow Marian Gaborik Tom Poti Denis Grebeshkov
Last Minutes Defensive
Center Left Wing Right Wing Defense Defense
Frans Nielsen Drew Miller Chad Larose Tom Poti Kurt Sauer
Goaltenders
Starting : Ryan Miller
Backup : Al Montoya
Extra Forwards
Normal : Bill Guerin, Sergei Samsonov, Craig Adams - PP : Bill Guerin, Sergei Samsonov - PK : Craig Adams
Extra Defensemen
Normal : Sami Lepisto, Lukas Krajicek, Denis Grebeshkov - PP : Sami Lepisto - PK : Lukas Krajicek, Denis Grebeshkov
Penalty Shots
Marian Gaborik, Sergei Samsonov, Bill Guerin, Brenden Morrow, Frans Nielsen
Sénateurs
5 vs 5 Forward
Center Left Wing Right Wing Time % Phy DF OF
1 Daymond Langkow Andy McDonald Todd Bertuzzi 40 1 2 2
2 Chris Kelly Ray Whitney Sami Kapanen 30 1 2 2
3 Paul Gaustad Sean Avery Nikita Alexeev 20 1 2 2
4 Vernon Fiddler Ville Nieminen Dan Hinote 10 1 2 2
5 vs 5 Defense
Defense Defense Time % Phy DF OF
1 Vitaly Vishnevsky Richard Jackman 40 1 2 2
2 Jay McKee Toni Lydman 30 1 2 2
3 Dan Girardi Keith Ballard 20 1 2 2
4 Vitaly Vishnevsky Richard Jackman 10 1 2 2
PowerPlay Forward
Center Left Wing Right Wing Time % Phy DF OF
1 Daymond Langkow Andy McDonald Todd Bertuzzi 60 1 2 2
2 Chris Kelly Ray Whitney Sami Kapanen 40 1 2 2
PowerPlay Defense
Defense Defense Time % Phy DF OF
1 Vitaly Vishnevsky Richard Jackman 60 1 2 2
2 Jay McKee Toni Lydman 40 1 2 2
Penalty Kill 4 Players Forward
Center Wing Time % Phy DF OF
1 Todd Bertuzzi Daymond Langkow 60 1 2 2
2 Andy McDonald Chris Kelly 40 1 2 2
Penalty Kill 4 Players Defense
Defense Defense Time % Phy DF OF
1 Vitaly Vishnevsky Richard Jackman 60 1 2 2
2 Jay McKee Toni Lydman 40 1 2 2
Penalty Kill - 3 Players Forward
Forward Time % Phy DF OF
1 Todd Bertuzzi 60 1 2 2
2 Daymond Langkow 40 1 2 2
Penalty Kill - 3 Players Defense
Defense Defense Time % Phy DF OF
1 Vitaly Vishnevsky Richard Jackman 60 1 2 2
2 Jay McKee Toni Lydman 40 1 2 2
4 vs 4 Forward
Center Wing Time % Phy DF OF
1 Todd Bertuzzi Daymond Langkow 60 1 2 2
2 Andy McDonald Chris Kelly 40 1 2 2
4 vs 4 Defense
Defense Defense Time % Phy DF OF
1 Vitaly Vishnevsky Richard Jackman 60 1 2 2
2 Jay McKee Toni Lydman 40 1 2 2
Last Minutes Offensive
Center Left Wing Right Wing Defense Defense
Daymond Langkow Andy McDonald Todd Bertuzzi Vitaly Vishnevsky Richard Jackman
Last Minutes Defensive
Center Left Wing Right Wing Defense Defense
Daymond Langkow Andy McDonald Todd Bertuzzi Vitaly Vishnevsky Richard Jackman
Goaltenders
Starting : Jonas Hiller
Backup : Maxime Ouellet
Extra Forwards
Normal : Paul Gaustad, Vernon Fiddler, Sean Avery - PP : Paul Gaustad, Vernon Fiddler - PK : Sean Avery
Extra Defensemen
Normal : Dan Girardi, Keith Ballard, Jay McKee - PP : Dan Girardi - PK : Keith Ballard, Jay McKee
Penalty Shots
Todd Bertuzzi, Daymond Langkow, Andy McDonald, Chris Kelly, Paul Gaustad
% Time on Ice - Coyotes
Lines # - Real PCT - Wanted PCT - Time Play
Normal Forward
1 - 33% - 40% - 11:15
2 - 23% - 30% - 7:49
3 - 27% - 20% - 9:11
4 - 16% - 10% - 5:32
Normal Defense
1 - 43% - 40% - 14:34
2 - 34% - 30% - 11:26
3 - 21% - 20% - 7:09
4 - 2% - 10% - 0:38
PP Forward
1 - 54% - 60% - 9:33
2 - 46% - 40% - 8:18
PP Defense
1 - 56% - 60% - 10:03
2 - 44% - 40% - 7:48
PK Forward
1 - 74% - 60% - 5:19
2 - 26% - 40% - 1:52
PK Defense
1 - 58% - 60% - 4:12
2 - 42% - 40% - 2:59
PK3 Forward
1 - 0% - 60%
2 - 0% - 40%
PK3 Defense
1 - 0% - 60%
2 - 0% - 40%
44 Forward
1 - 0% - 60%
2 - 0% - 40%
44 Defense
1 - 0% - 60%
2 - 0% - 40%
Last Minute Offensive - 1:11
Last Minute Defensive - 0:00
Total
Forward - 60:00
Defense - 60:00
|
% Time on Ice - Sénateurs
Lines # - Real PCT - Wanted PCT - Time Play
Normal Forward
1 - 30% - 40% - 10:00
2 - 27% - 30% - 9:07
3 - 26% - 20% - 8:47
4 - 17% - 10% - 5:52
Normal Defense
1 - 41% - 40% - 13:59
2 - 36% - 30% - 12:02
3 - 23% - 20% - 7:45
4 - 0% - 10% - 0:00
PP Forward
1 - 56% - 60% - 4:00
2 - 44% - 40% - 3:11
PP Defense
1 - 57% - 60% - 4:06
2 - 43% - 40% - 3:05
PK Forward
1 - 68% - 60% - 12:11
2 - 32% - 40% - 5:40
PK Defense
1 - 58% - 60% - 10:24
2 - 42% - 40% - 7:27
PK3 Forward
1 - 0% - 60%
2 - 0% - 40%
PK3 Defense
1 - 0% - 60%
2 - 0% - 40%
44 Forward
1 - 0% - 60%
2 - 0% - 40%
44 Defense
1 - 0% - 60%
2 - 0% - 40%
Last Minute Offensive - 0:00
Last Minute Defensive - 1:12
Total
Forward - 60:00
Defense - 60:00
|
Play by Play
1st period
0:01 of 1st period - Tim Connolly wins face-off versus Daymond Langkow in neutral zone.
0:06 of 1st period - Richard Jackman is hit by Marian Gaborik.
0:07 of 1st period - Double Minor Penalty to Denis Grebeshkov for High sticking.
0:08 of 1st period - Daymond Langkow wins face-off versus Frans Nielsen in Coyotes zone.
0:13 of 1st period - Snap shot by Andy McDonald.
0:13 of 1st period - Stopped by Ryan Miller without a rebound.
0:14 of 1st period - Frans Nielsen wins face-off versus Daymond Langkow in Coyotes zone.
0:27 of 1st period - Wrist shot by Andy McDonald.
0:27 of 1st period - Shot Misses the Net.
0:29 of 1st period - Wrist shot by Andy McDonald.
0:29 of 1st period - Goal by Andy McDonald - Coyotes : 0 - Sénateurs : 1.
0:30 of 1st period - Chris Kelly wins face-off versus Frans Nielsen in neutral zone.
0:58 of 1st period - Snap shot by Andy McDonald.
0:58 of 1st period - Shot Blocked by Lukas Krajicek.
1:00 of 1st period - Snap shot by Richard Jackman.
1:00 of 1st period - Shot Misses the Net.
2:02 of 1st period - Toni Lydman is hit by Chad Larose and loses puck.
2:29 of 1st period - Penalty to Denis Grebeshkov is over, Denis Grebeshkov is back on ice.
2:57 of 1st period - Minor Penalty to Ville Nieminen for Hooking.
2:58 of 1st period - Tim Connolly wins face-off versus Daymond Langkow in Sénateurs zone.
3:13 of 1st period - Snap shot by Marian Gaborik.
3:13 of 1st period - Shot Blocked by Vitaly Vishnevsky.
4:57 of 1st period - Penalty to Ville Nieminen is over, Ville Nieminen is back on ice.
5:02 of 1st period - Andy McDonald is hit by Maxim Lapierre and loses puck.
5:15 of 1st period - Slapshot by Andy McDonald.
5:15 of 1st period - Stopped by Ryan Miller with a rebound.
5:17 of 1st period - Wrist shot by Andy McDonald.
5:17 of 1st period - Stopped by Ryan Miller without a rebound.
5:18 of 1st period - Joël Perrault wins face-off versus Paul Gaustad in Coyotes zone.
6:04 of 1st period - Icing by Chad Larose.
6:05 of 1st period - Chris Kelly wins face-off versus Tim Connolly in Coyotes zone.
6:36 of 1st period - Minor Penalty to Daymond Langkow for Tripping.
6:37 of 1st period - Todd Bertuzzi wins face-off versus Tim Connolly in Sénateurs zone.
6:43 of 1st period - Icing by Tim Connolly.
6:44 of 1st period - Todd Bertuzzi wins face-off versus Tim Connolly in Coyotes zone.
8:22 of 1st period - Tom Poti is hit by Sean Avery and loses puck.
8:36 of 1st period - Penalty to Daymond Langkow is over, Daymond Langkow is back on ice.
8:40 of 1st period - Minor Penalty to Dan Hinote for Holding.
8:41 of 1st period - Andy McDonald wins face-off versus Drew Miller in Sénateurs zone.
9:28 of 1st period - Marian Gaborik is hit by Todd Bertuzzi and loses puck.
10:40 of 1st period - Penalty to Dan Hinote is over, Dan Hinote is back on ice.
10:54 of 1st period - Vernon Fiddler is hit by Sergei Samsonov and loses puck.
11:19 of 1st period - Slapshot by Nikita Alexeev.
11:19 of 1st period - Stopped by Ryan Miller without a rebound.
11:20 of 1st period - Chris Kelly wins face-off versus Maxim Lapierre in Coyotes zone.
11:21 of 1st period - Snap shot by Ray Whitney.
11:21 of 1st period - Stopped by Ryan Miller with a rebound.
11:23 of 1st period - Snap shot by Chris Kelly.
11:23 of 1st period - Shot Blocked by Kurt Sauer.
11:25 of 1st period - Snap shot by Ray Whitney.
11:25 of 1st period - Shot Misses the Net.
11:27 of 1st period - Slapshot by Jay McKee.
11:27 of 1st period - Stopped by Ryan Miller with a rebound.
11:31 of 1st period - Wrist shot by Chris Kelly.
11:31 of 1st period - Stopped by Ryan Miller with a rebound.
11:33 of 1st period - Slapshot by Jay McKee.
11:33 of 1st period - Deflect By Sergei Samsonov.
11:33 of 1st period - Stopped by Ryan Miller without a rebound.
11:34 of 1st period - Daymond Langkow wins face-off versus Tim Connolly in Coyotes zone.
12:17 of 1st period - Snap shot by Marian Gaborik.
12:17 of 1st period - Shot Misses the Net.
12:19 of 1st period - Snap shot by Brenden Morrow.
12:19 of 1st period - Shot Misses the Net.
12:21 of 1st period - Wrist shot by Marian Gaborik.
12:21 of 1st period - Stopped by Jonas Hiller with a rebound.
12:23 of 1st period - Backhand shot by Kurt Sauer.
12:23 of 1st period - Shot Blocked by Vitaly Vishnevsky.
12:31 of 1st period - Snap shot by Brenden Morrow.
12:31 of 1st period - Deflect By Marian Gaborik.
12:31 of 1st period - Shot Misses the Net.
12:31 of 1st period - Puck is out of play.
12:32 of 1st period - Frans Nielsen wins face-off versus Daymond Langkow in Sénateurs zone.
12:37 of 1st period - Snap shot by Drew Miller.
12:37 of 1st period - Shot Misses the Net.
12:59 of 1st period - Wrist shot by Chris Kelly.
12:59 of 1st period - Deflect By Sergei Samsonov.
12:59 of 1st period - Shot Blocked by Maxim Lapierre.
12:59 of 1st period - Puck is out of play.
13:00 of 1st period - Maxim Lapierre wins face-off versus Chris Kelly in Coyotes zone.
13:07 of 1st period - Slapshot by Ray Whitney.
13:07 of 1st period - Stopped by Ryan Miller with a rebound.
14:14 of 1st period - Wrist shot by Marian Gaborik.
14:14 of 1st period - Deflect By Brenden Morrow.
14:14 of 1st period - Stopped by Jonas Hiller without a rebound.
14:15 of 1st period - Daymond Langkow wins face-off versus Frans Nielsen in Sénateurs zone.
14:26 of 1st period - Slapshot by Frans Nielsen.
14:26 of 1st period - Shot Misses the Net.
14:28 of 1st period - Snap shot by Denis Grebeshkov.
14:28 of 1st period - Stopped by Jonas Hiller with a rebound.
14:30 of 1st period - Snap shot by Drew Miller.
14:30 of 1st period - Shot Blocked by Richard Jackman.
14:40 of 1st period - Vitaly Vishnevsky is hit by Craig Adams and loses puck.
14:51 of 1st period - Snap shot by Riley Cote.
14:51 of 1st period - Shot Misses the Net.
14:59 of 1st period - Snap shot by Daymond Langkow.
14:59 of 1st period - Stopped by Ryan Miller without a rebound.
15:00 of 1st period - Ray Whitney wins face-off versus Maxim Lapierre in Coyotes zone.
15:50 of 1st period - Wrist shot by Frans Nielsen.
15:50 of 1st period - Shot Blocked by Toni Lydman.
15:52 of 1st period - Wrist shot by Lukas Krajicek.
15:52 of 1st period - Shot Misses the Net.
16:30 of 1st period - Minor Penalty to Nikita Alexeev for Interference.
16:31 of 1st period - Tim Connolly wins face-off versus Todd Bertuzzi in Sénateurs zone.
16:36 of 1st period - Snap shot by Marian Gaborik.
16:36 of 1st period - Stopped by Jonas Hiller with a rebound.
17:18 of 1st period - Brenden Morrow is hit by Richard Jackman and loses puck.
17:39 of 1st period - Jay McKee is hit by Bill Guerin and loses puck.
18:30 of 1st period - Penalty to Nikita Alexeev is over, Nikita Alexeev is back on ice.
18:56 of 1st period - Sean Avery is hit by Chad Larose and loses puck.
19:11 of 1st period - Jiri Fischer is hit by Chris Kelly and loses puck.
2nd period
0:01 of 2nd period - Tim Connolly wins face-off versus Daymond Langkow in neutral zone.
0:26 of 2nd period - Frans Nielsen is hit by Chris Kelly and loses puck.
0:47 of 2nd period - Slapshot by Sami Lepisto.
0:47 of 2nd period - Shot Misses the Net.
0:53 of 2nd period - Snap shot by Richard Jackman.
0:53 of 2nd period - Shot Blocked by Kurt Sauer.
0:55 of 2nd period - Wrist shot by Vitaly Vishnevsky.
0:55 of 2nd period - Shot Blocked by Kurt Sauer.
0:57 of 2nd period - Wrist shot by Sean Avery.
0:57 of 2nd period - Shot Misses the Net.
0:59 of 2nd period - Slapshot by Richard Jackman.
0:59 of 2nd period - Stopped by Ryan Miller with a rebound.
1:27 of 2nd period - Wrist shot by Drew Miller.
1:27 of 2nd period - Shot Misses the Net.
1:29 of 2nd period - Slapshot by Sami Lepisto.
1:29 of 2nd period - Shot Misses the Net.
1:31 of 2nd period - Wrist shot by Drew Miller.
1:31 of 2nd period - Shot Misses the Net.
1:33 of 2nd period - Backhand shot by Bill Guerin.
1:33 of 2nd period - Shot Blocked by Dan Hinote.
1:47 of 2nd period - Slapshot by Toni Lydman.
1:47 of 2nd period - Stopped by Ryan Miller with a rebound.
2:34 of 2nd period - Minor Penalty to Drew Miller for Holding.
2:35 of 2nd period - Daymond Langkow wins face-off versus Frans Nielsen in Coyotes zone.
2:40 of 2nd period - Wrist shot by Andy McDonald.
2:40 of 2nd period - Stopped by Ryan Miller with a rebound.
2:42 of 2nd period - Snap shot by Andy McDonald.
2:42 of 2nd period - Shot Misses the Net.
2:44 of 2nd period - Slapshot by Andy McDonald.
2:44 of 2nd period - Stopped by Ryan Miller without a rebound.
2:45 of 2nd period - Daymond Langkow wins face-off versus Frans Nielsen in Coyotes zone.
2:46 of 2nd period - Snap shot by Todd Bertuzzi.
2:46 of 2nd period - Deflect By Frans Nielsen.
2:46 of 2nd period - Shot Misses the Net.
2:46 of 2nd period - Puck is out of play.
2:47 of 2nd period - Frans Nielsen wins face-off versus Daymond Langkow in Coyotes zone.
2:56 of 2nd period - Wrist shot by Frans Nielsen.
2:56 of 2nd period - Shot Misses the Net.
3:26 of 2nd period - Wrist shot by Chris Kelly.
3:26 of 2nd period - Goal by Chris Kelly - Coyotes : 0 - Sénateurs : 2.
3:27 of 2nd period - Tim Connolly wins face-off versus Daymond Langkow in neutral zone.
3:32 of 2nd period - Snap shot by Marian Gaborik.
3:32 of 2nd period - Stopped by Jonas Hiller with a rebound.
3:57 of 2nd period - Backhand shot by Jay McKee.
3:57 of 2nd period - Stopped by Ryan Miller without a rebound.
3:58 of 2nd period - Andy McDonald wins face-off versus Frans Nielsen in Coyotes zone.
4:18 of 2nd period - Minor Penalty to Ray Whitney for Interference.
4:19 of 2nd period - Todd Bertuzzi wins face-off versus Marian Gaborik in Sénateurs zone.
5:32 of 2nd period - Icing by Bill Guerin.
5:33 of 2nd period - Todd Bertuzzi wins face-off versus Tim Connolly in Coyotes zone.
6:18 of 2nd period - Penalty to Ray Whitney is over, Ray Whitney is back on ice.
6:36 of 2nd period - Icing by Sami Lepisto.
6:37 of 2nd period - Chris Kelly wins face-off versus Maxim Lapierre in Coyotes zone.
6:59 of 2nd period - Slapshot by Lukas Krajicek.
6:59 of 2nd period - Shot Misses the Net.
7:01 of 2nd period - Snap shot by Sergei Samsonov.
7:01 of 2nd period - Shot Misses the Net.
7:03 of 2nd period - Wrist shot by Chad Larose.
7:03 of 2nd period - Deflect By Richard Jackman.
7:03 of 2nd period - Stopped by Jonas Hiller with a rebound.
7:05 of 2nd period - Snap shot by Chad Larose.
7:05 of 2nd period - Goal by Chad Larose - Coyotes : 1 - Sénateurs : 2.
7:06 of 2nd period - Daymond Langkow wins face-off versus Tim Connolly in neutral zone.
7:12 of 2nd period - Off-side.
7:13 of 2nd period - Brenden Morrow wins face-off versus Daymond Langkow in neutral zone.
8:27 of 2nd period - Snap shot by Riley Cote.
8:27 of 2nd period - Shot Misses the Net.
8:29 of 2nd period - Snap shot by Riley Cote.
8:29 of 2nd period - Shot Misses the Net.
9:34 of 2nd period - Wrist shot by Riley Cote.
9:34 of 2nd period - Stopped by Jonas Hiller with a rebound.
9:36 of 2nd period - Snap shot by Joël Perrault.
9:36 of 2nd period - Deflect By Riley Cote.
9:36 of 2nd period - Shot Misses the Net.
9:36 of 2nd period - Puck is out of play.
9:37 of 2nd period - Paul Gaustad wins face-off versus Joël Perrault in Sénateurs zone.
9:44 of 2nd period - Wrist shot by Vitaly Vishnevsky.
9:44 of 2nd period - Stopped by Ryan Miller without a rebound.
9:45 of 2nd period - Tim Connolly wins face-off versus Todd Bertuzzi in Coyotes zone.
9:47 of 2nd period - Icing by Brenden Morrow.
9:48 of 2nd period - Daymond Langkow wins face-off versus Tim Connolly in Coyotes zone.
10:28 of 2nd period - Slapshot by Frans Nielsen.
10:28 of 2nd period - Shot Misses the Net.
10:58 of 2nd period - Snap shot by Sean Avery.
10:58 of 2nd period - Stopped by Ryan Miller without a rebound.
10:59 of 2nd period - Joël Perrault wins face-off versus Vernon Fiddler in Coyotes zone.
11:31 of 2nd period - Snap shot by Tim Connolly.
11:31 of 2nd period - Shot Blocked by Jay McKee.
11:43 of 2nd period - Snap shot by Sergei Samsonov.
11:43 of 2nd period - Deflect By Maxim Lapierre.
11:43 of 2nd period - Shot Blocked by Ray Whitney.
11:43 of 2nd period - Puck is out of play.
11:44 of 2nd period - Maxim Lapierre wins face-off versus Chris Kelly in Sénateurs zone.
11:51 of 2nd period - Snap shot by Sergei Samsonov.
11:51 of 2nd period - Shot Blocked by Ray Whitney.
11:53 of 2nd period - Slapshot by Denis Grebeshkov.
11:53 of 2nd period - Stopped by Jonas Hiller with a rebound.
11:55 of 2nd period - Snap shot by Chad Larose.
11:55 of 2nd period - Shot Blocked by Dan Girardi.
11:57 of 2nd period - Wrist shot by Maxim Lapierre.
11:57 of 2nd period - Stopped by Jonas Hiller without a rebound.
11:58 of 2nd period - Daymond Langkow wins face-off versus Brenden Morrow in Sénateurs zone.
12:23 of 2nd period - Sami Kapanen is hit by Frans Nielsen and loses puck.
12:52 of 2nd period - Tom Poti is hit by Sean Avery and loses puck.
13:07 of 2nd period - Wrist shot by Joël Perrault.
13:07 of 2nd period - Stopped by Jonas Hiller without a rebound.
13:08 of 2nd period - Daymond Langkow wins face-off versus Joël Perrault in Sénateurs zone.
13:17 of 2nd period - Slapshot by Joël Perrault.
13:17 of 2nd period - Shot Misses the Net.
13:33 of 2nd period - Wrist shot by Todd Bertuzzi.
13:33 of 2nd period - Deflect By Daymond Langkow.
13:33 of 2nd period - Shot Misses the Net.
13:33 of 2nd period - Puck is out of play.
13:34 of 2nd period - Chris Kelly wins face-off versus Tim Connolly in Coyotes zone.
14:09 of 2nd period - Off-side.
14:10 of 2nd period - Daymond Langkow wins face-off versus Frans Nielsen in neutral zone.
14:35 of 2nd period - Maxim Lapierre is hit by Sean Avery and loses puck.
14:42 of 2nd period - Snap shot by Paul Gaustad.
14:42 of 2nd period - Shot Hit the Post.
15:04 of 2nd period - Wrist shot by Sami Kapanen.
15:04 of 2nd period - Shot Misses the Net.
15:06 of 2nd period - Wrist shot by Vitaly Vishnevsky.
15:06 of 2nd period - Stopped by Ryan Miller without a rebound.
15:07 of 2nd period - Chris Kelly wins face-off versus Tim Connolly in Coyotes zone.
15:15 of 2nd period - Minor Penalty to Ray Whitney for Tripping.
15:16 of 2nd period - Tim Connolly wins face-off versus Todd Bertuzzi in Sénateurs zone.
16:11 of 2nd period - Andy McDonald is hit by Frans Nielsen and loses puck.
17:10 of 2nd period - Toni Lydman is hit by Denis Grebeshkov and loses puck.
17:15 of 2nd period - Penalty to Ray Whitney is over, Ray Whitney is back on ice.
17:21 of 2nd period - Snap shot by Jay McKee.
17:21 of 2nd period - Shot Blocked by Tom Poti.
17:41 of 2nd period - Slapshot by Toni Lydman.
17:41 of 2nd period - Shot Blocked by Craig Adams.
17:47 of 2nd period - Chris Kelly is hit by Sami Lepisto and loses puck.
17:57 of 2nd period - Minor Penalty to Lukas Krajicek for Holding.
17:58 of 2nd period - Frans Nielsen wins face-off versus Daymond Langkow in Coyotes zone.
19:57 of 2nd period - Penalty to Lukas Krajicek is over, Lukas Krajicek is back on ice.
3rd period
0:01 of 3rd period - Tim Connolly wins face-off versus Daymond Langkow in neutral zone.
0:01 of 3rd period - Tim Connolly is hit by Daymond Langkow.
0:10 of 3rd period - Minor Penalty to Todd Bertuzzi for Holding.
0:11 of 3rd period - Sean Avery wins face-off versus Marian Gaborik in Sénateurs zone.
0:38 of 3rd period - Snap shot by Bill Guerin.
0:38 of 3rd period - Shot Blocked by Richard Jackman.
0:40 of 3rd period - Slapshot by Bill Guerin.
0:40 of 3rd period - Shot Misses the Net.
0:42 of 3rd period - Wrist shot by Frans Nielsen.
0:42 of 3rd period - Shot Blocked by Richard Jackman.
0:44 of 3rd period - Slapshot by Drew Miller.
0:44 of 3rd period - Shot Misses the Net.
2:10 of 3rd period - Penalty to Todd Bertuzzi is over, Todd Bertuzzi is back on ice.
2:25 of 3rd period - Snap shot by Dan Hinote.
2:25 of 3rd period - Shot Blocked by Tom Poti.
2:53 of 3rd period - Wrist shot by Nikita Alexeev.
2:53 of 3rd period - Shot Misses the Net.
3:25 of 3rd period - Chad Larose is hit by Vernon Fiddler and loses puck.
3:40 of 3rd period - Wrist shot by Riley Cote.
3:40 of 3rd period - Stopped by Jonas Hiller without a rebound.
3:41 of 3rd period - Paul Gaustad wins face-off versus Joël Perrault in Sénateurs zone.
4:11 of 3rd period - Frans Nielsen is hit by Paul Gaustad and loses puck.
4:50 of 3rd period - Snap shot by Paul Gaustad.
4:50 of 3rd period - Shot Blocked by Tom Poti.
4:52 of 3rd period - Snap shot by Nikita Alexeev.
4:52 of 3rd period - Shot Misses the Net.
4:54 of 3rd period - Slapshot by Sean Avery.
4:54 of 3rd period - Stopped by Ryan Miller with a rebound.
4:56 of 3rd period - Backhand shot by Keith Ballard.
4:56 of 3rd period - Shot Misses the Net.
4:58 of 3rd period - Slapshot by Sean Avery.
4:58 of 3rd period - Shot Blocked by Denis Grebeshkov.
5:24 of 3rd period - Snap shot by Frans Nielsen.
5:24 of 3rd period - Stopped by Jonas Hiller without a rebound.
5:25 of 3rd period - Tim Connolly wins face-off versus Daymond Langkow in Sénateurs zone.
5:26 of 3rd period - Snap shot by Marian Gaborik.
5:26 of 3rd period - Deflect By Daymond Langkow.
5:26 of 3rd period - Shot Misses the Net.
5:26 of 3rd period - Puck is out of play.
5:27 of 3rd period - Daymond Langkow wins face-off versus Tim Connolly in Sénateurs zone.
5:38 of 3rd period - Slapshot by Brenden Morrow.
5:38 of 3rd period - Stopped by Jonas Hiller with a rebound.
5:54 of 3rd period - Maxim Lapierre is hit by Ray Whitney and loses puck.
6:32 of 3rd period - Snap shot by Vernon Fiddler.
6:32 of 3rd period - Stopped by Ryan Miller with a rebound.
6:34 of 3rd period - Slapshot by Richard Jackman.
6:34 of 3rd period - Shot Blocked by Denis Grebeshkov.
6:36 of 3rd period - Snap shot by Andy McDonald.
6:36 of 3rd period - Stopped by Ryan Miller without a rebound.
6:37 of 3rd period - Daymond Langkow wins face-off versus Tim Connolly in Coyotes zone.
6:42 of 3rd period - Slapshot by Andy McDonald.
6:42 of 3rd period - Stopped by Ryan Miller with a rebound.
7:43 of 3rd period - Jay McKee is hit by Denis Grebeshkov and loses puck.
8:08 of 3rd period - Wrist shot by Marian Gaborik.
8:08 of 3rd period - Stopped by Jonas Hiller without a rebound.
8:09 of 3rd period - Frans Nielsen wins face-off versus Daymond Langkow in Sénateurs zone.
8:12 of 3rd period - Wrist shot by Drew Miller.
8:12 of 3rd period - Stopped by Jonas Hiller with a rebound.
8:14 of 3rd period - Slapshot by Denis Grebeshkov.
8:14 of 3rd period - Shot Misses the Net.
8:39 of 3rd period - Ray Whitney is hit by Tim Connolly and loses puck.
8:46 of 3rd period - Chris Kelly is hit by Marian Gaborik and loses puck.
9:05 of 3rd period - Off-side.
9:06 of 3rd period - Maxim Lapierre wins face-off versus Daymond Langkow in neutral zone.
9:06 of 3rd period - Maxim Lapierre is hit by Toni Lydman.
9:13 of 3rd period - Minor Penalty to Sergei Samsonov for Interference.
9:14 of 3rd period - Frans Nielsen wins face-off versus Daymond Langkow in Coyotes zone.
10:10 of 3rd period - Slapshot by Richard Jackman.
10:10 of 3rd period - Shot Blocked by Drew Miller.
11:06 of 3rd period - Icing by Jay McKee.
11:07 of 3rd period - Sami Kapanen wins face-off versus Joël Perrault in Sénateurs zone.
11:13 of 3rd period - Penalty to Sergei Samsonov is over, Sergei Samsonov is back on ice.
11:22 of 3rd period - Slapshot by Paul Gaustad.
11:22 of 3rd period - Shot Misses the Net.
11:44 of 3rd period - Snap shot by Vernon Fiddler.
11:44 of 3rd period - Shot Misses the Net.
11:46 of 3rd period - Slapshot by Vitaly Vishnevsky.
11:46 of 3rd period - Deflect By Tom Poti.
11:46 of 3rd period - Stopped by Ryan Miller with a rebound.
11:48 of 3rd period - Wrist shot by Vernon Fiddler.
11:48 of 3rd period - Deflect By Ville Nieminen.
11:48 of 3rd period - Shot Misses the Net.
11:48 of 3rd period - Puck is out of play.
11:49 of 3rd period - Frans Nielsen wins face-off versus Vernon Fiddler in Coyotes zone.
11:57 of 3rd period - Minor Penalty to Ville Nieminen for High sticking.
11:58 of 3rd period - Todd Bertuzzi wins face-off versus Tim Connolly in Sénateurs zone.
11:58 of 3rd period - Todd Bertuzzi is hit by Brenden Morrow.
12:08 of 3rd period - Snap shot by Marian Gaborik.
12:08 of 3rd period - Stopped by Jonas Hiller with a rebound.
12:10 of 3rd period - Snap shot by Tim Connolly.
12:10 of 3rd period - Shot Misses the Net.
12:12 of 3rd period - Wrist shot by Marian Gaborik.
12:12 of 3rd period - Stopped by Jonas Hiller with a rebound.
12:14 of 3rd period - Slapshot by Sami Lepisto.
12:14 of 3rd period - Stopped by Jonas Hiller with a rebound.
12:31 of 3rd period - Slapshot by Andy McDonald.
12:31 of 3rd period - Shot Blocked by Lukas Krajicek.
12:33 of 3rd period - Slapshot by Richard Jackman.
12:33 of 3rd period - Stopped by Ryan Miller with a rebound.
12:37 of 3rd period - Snap shot by Andy McDonald.
12:37 of 3rd period - Shot Misses the Net.
13:57 of 3rd period - Penalty to Ville Nieminen is over, Ville Nieminen is back on ice.
13:58 of 3rd period - Tim Connolly is hit by Ray Whitney and loses puck.
14:19 of 3rd period - Slapshot by Sergei Samsonov.
14:19 of 3rd period - Deflect By Chad Larose.
14:19 of 3rd period - Shot Blocked by Dan Girardi.
14:19 of 3rd period - Puck is out of play.
14:20 of 3rd period - Maxim Lapierre wins face-off versus Vernon Fiddler in Sénateurs zone.
14:23 of 3rd period - Wrist shot by Sergei Samsonov.
14:23 of 3rd period - Shot Misses the Net.
14:30 of 3rd period - Off-side.
14:31 of 3rd period - Daymond Langkow wins face-off versus Frans Nielsen in neutral zone.
14:56 of 3rd period - Bill Guerin is hit by Paul Gaustad and loses puck.
15:05 of 3rd period - Snap shot by Drew Miller.
15:05 of 3rd period - Stopped by Jonas Hiller with a rebound.
15:07 of 3rd period - Snap shot by Drew Miller.
15:07 of 3rd period - Shot Misses the Net.
15:09 of 3rd period - Slapshot by Lukas Krajicek.
15:09 of 3rd period - Stopped by Jonas Hiller with a rebound.
15:11 of 3rd period - Wrist shot by Frans Nielsen.
15:11 of 3rd period - Shot Misses the Net.
15:13 of 3rd period - Wrist shot by Frans Nielsen.
15:13 of 3rd period - Deflect By Drew Miller.
15:13 of 3rd period - Stopped by Jonas Hiller with a rebound.
15:15 of 3rd period - Snap shot by Lukas Krajicek.
15:15 of 3rd period - Shot Blocked by Richard Jackman.
15:17 of 3rd period - Wrist shot by Bill Guerin.
15:17 of 3rd period - Shot Blocked by Richard Jackman.
15:19 of 3rd period - Backhand shot by Jiri Fischer.
15:19 of 3rd period - Deflect By Nikita Alexeev.
15:19 of 3rd period - Stopped by Jonas Hiller without a rebound.
15:20 of 3rd period - Tim Connolly wins face-off versus Daymond Langkow in Sénateurs zone.
16:28 of 3rd period - Slapshot by Todd Bertuzzi.
16:28 of 3rd period - Shot Blocked by Tim Connolly.
16:30 of 3rd period - Slapshot by Toni Lydman.
16:30 of 3rd period - Shot Blocked by Kurt Sauer.
16:47 of 3rd period - Minor Penalty to Sami Kapanen for Holding.
16:48 of 3rd period - Frans Nielsen wins face-off versus Todd Bertuzzi in Sénateurs zone.
16:49 of 3rd period - Slapshot by Drew Miller.
16:49 of 3rd period - Stopped by Jonas Hiller without a rebound.
16:50 of 3rd period - Daymond Langkow wins face-off versus Frans Nielsen in Sénateurs zone.
17:03 of 3rd period - Wrist shot by Daymond Langkow.
17:03 of 3rd period - Deflect By Todd Bertuzzi.
17:03 of 3rd period - Stopped by Ryan Miller with a rebound.
17:26 of 3rd period - Icing by Denis Grebeshkov.
17:27 of 3rd period - Chris Kelly wins face-off versus Tim Connolly in Coyotes zone.
17:28 of 3rd period - Snap shot by Andy McDonald.
17:28 of 3rd period - Stopped by Ryan Miller without a rebound.
17:29 of 3rd period - Tim Connolly wins face-off versus Andy McDonald in Coyotes zone.
17:38 of 3rd period - Slapshot by Denis Grebeshkov.
17:38 of 3rd period - Shot Misses the Net.
17:40 of 3rd period - Snap shot by Brenden Morrow.
17:40 of 3rd period - Shot Blocked by Andy McDonald.
17:42 of 3rd period - Slapshot by Tom Poti.
17:42 of 3rd period - Stopped by Jonas Hiller without a rebound.
17:43 of 3rd period - Todd Bertuzzi wins face-off versus Tim Connolly in Sénateurs zone.
17:54 of 3rd period - Snap shot by Marian Gaborik.
17:54 of 3rd period - Stopped by Jonas Hiller with a rebound.
18:14 of 3rd period - Slapshot by Tom Poti.
18:14 of 3rd period - Shot Misses the Net.
18:16 of 3rd period - Snap shot by Drew Miller.
18:16 of 3rd period - Shot Blocked by Andy McDonald.
18:47 of 3rd period - Penalty to Sami Kapanen is over, Sami Kapanen is back on ice.
19:00 of 3rd period - Coyotes, Ryan Miller is pulled from the net.
19:02 of 3rd period - Slapshot by Marian Gaborik.
19:02 of 3rd period - Shot Misses the Net.
19:04 of 3rd period - Slapshot by Sami Lepisto.
19:04 of 3rd period - Shot Misses the Net.
19:06 of 3rd period - Slapshot by Sami Lepisto.
19:06 of 3rd period - Shot Misses the Net.
19:08 of 3rd period - Slapshot by Brenden Morrow.
19:08 of 3rd period - Stopped by Jonas Hiller without a rebound.
19:09 of 3rd period - Claude Julien call a timeout for Coyotes.
19:09 of 3rd period - Tim Connolly wins face-off versus Daymond Langkow in Sénateurs zone.
19:10 of 3rd period - Wrist shot by Marian Gaborik.
19:10 of 3rd period - Deflect By Andy McDonald.
19:10 of 3rd period - Stopped by Jonas Hiller without a rebound.
19:11 of 3rd period - Daymond Langkow wins face-off versus Tim Connolly in Sénateurs zone.
19:24 of 3rd period - Wrist shot by Marian Gaborik.
19:24 of 3rd period - Deflect By Brenden Morrow.
19:24 of 3rd period - Stopped by Jonas Hiller with a rebound.
19:26 of 3rd period - Wrist shot by Marian Gaborik.
19:26 of 3rd period - Shot Misses the Net.
19:28 of 3rd period - Slapshot by Tom Poti.
19:28 of 3rd period - Stopped by Jonas Hiller with a rebound.
19:30 of 3rd period - Wrist shot by Marian Gaborik.
19:30 of 3rd period - Stopped by Jonas Hiller with a rebound.
19:32 of 3rd period - Snap shot by Brenden Morrow.
19:32 of 3rd period - Stopped by Jonas Hiller with a rebound.
Output by the SimonT Hockey Simulator (STHS) for François Prévost -- Original Page W3C XHTML 1.0 Valid